 Dungeon Crawl Stone Soup version 0.23-a0-710-gaad00d04af (webtiles) character file.

55 DEFE the Skirmisher (level 3, -2/31 HPs)
             Began as a Draconian Fighter on Jan 15, 2019.
             Slain by Jessica
             ... wielding a cursed +0 dagger
              (4 damage)
             ... on level 2 of the Dungeon.
             The game lasted 00:01:24 (1051 turns).

DEFE the Skirmisher (Draconian Fighter)             Turns: 1051, Time: 00:01:25

Health: -2/31      AC:  6    Str: 24    XL:     3   Next: 67%
Magic:  3/3        EV: 10    Int:  8    God:
Gold:   71         SH:  9    Dex: 10    Spells: 2/2 levels left

rFire    . . .     SeeInvis .   a - +0 long sword
rCold    . . .     Gourm    .   b - +0 shield
rNeg     . . .     Faith    .   (armour unavailable)
rPois    .         Spirit   .   (helmet restricted)
rElec    .         Reflect  .   h - +0 cloak (curse)
rCorr    .         Harm     .   (no gloves)
MR       .....                  (no boots)
Stlth    +.........             (no amulet)
HPRegen  0.10/turn              (no ring)
MPRegen  0.08/turn              (no ring)

@: mighty
A: unfitting armour, cold-blooded, AC +5
a: no special abilities


You were on level 2 of the Dungeon.
You were hungry.

You visited 1 branch of the dungeon, and saw 2 of its levels.

You collected 71 gold pieces.

Inventory:

Hand Weapons
 a - a +0 long sword (weapon)
Armour
 b - a +0 shield (worn)
 h - a cursed +0 cloak (worn)
 l - a scarf of cloud immunity
Scrolls
 e - a scroll of amnesia {unknown}
 f - a scroll of teleportation {unknown}
 j - a scroll of fog {unknown}
 k - a scroll of blinking {unknown}
 n - a scroll of identify {unknown}
Potions
 i - a potion of magic
 m - a potion of flight {unknown}
Comestibles
 d - a ration


   Skills:
 - Level 3.5 Fighting
 * Level 2.9 Long Blades
 + Level 3.1 Dodging
 + Level 3.5 Shields


You had 2 spell levels left.
You didn't know any spells.
Your spell library was empty.

Dungeon Overview and Level Annotations

Branches:
Dungeon (2/15)

Altars:
Zin

Annotations:
D:2 Jessica, Sigmund


Innate Abilities, Weirdness & Mutations

Your plain brown scales are hard. (AC +5)
You cannot fit into any form of body armour.
You are cold-blooded and may be slowed by cold attacks.


Message History

You take 20 damage, and have 8/31 hp.
MASSIVE DAMAGE!!
You feel better. The giant cockroach barely misses you.
The kobold hits you but does no damage.
The giant cockroach bites you but does no damage.
Something hits you!
* * * LOW HITPOINT WARNING * * *
Something freezes you.
* * * LOW HITPOINT WARNING * * *
The kobold closely misses you.
You riposte.
You slash the kobold!
You kill the kobold!
You take 6 damage, and have 2/31 hp.
Unknown command.
Okay, then.
It was a potion of magic.
Magic courses through your body.
You feel yourself speed up. Jessica hits you but does no damage.
The giant cockroach closely misses you. You block something's attack.
The giant cockroach barely misses you.
Jessica hits you with a cursed +0 dagger.
You die...

).#####.#...#### #...#.
........#..##$$# #.... #.
.....#..'._#$$$# ...# ...
........#..##$$# #..# ..$
.)...##.#...#### #..# ..#
..#####.###########..#...#
........# #.S........##
..#####.# ##@s..........
..# #.# #@###.####.## ..#
#[# #.# #.# # ..# #.# #.#
#.. .. . ..#####.# #.#
#..# #.### . ........# #..
...[ ....###. ..####..#
### ##.## #.#....
..####..########### .#
#..... ..................#
#..... .....^..#########.#
#>....


You could see an adder, Jessica and a giant cockroach.

Vanquished Creatures
  An adder (D:2)
  2 oozes (D:1)
  A worm (D:2)
  A dart slug (D:1)
  A leopard gecko (D:2)
  4 bats
  A giant cockroach (D:1)
  3 goblins
  4 hobgoblins
  3 jackals (D:2)
  5 kobolds
  3 frilled lizards
  2 rats
31 creatures vanquished.

Notes
Turn   | Place    | Note
-------+----------+-------------------------------------------
     0 | D:1      | DEFE the Draconian Fighter began the quest for the Orb.
     0 | D:1      | Reached XP level 1. HP: 19/19 MP: 1/1
    95 | D:1      | Reached XP level 2. HP: 26/26 MP: 2/2
   571 | D:2      | Reached XP level 3. HP: 27/31 MP: 3/3
   875 | D:2      | Found a glowing silver altar of Zin.
  1037 | D:2      | Noticed Sigmund
  1038 | D:2      | Noticed Jessica
  1051 | D:2      | Slain by Jessica

Vault maps used:
D:1:      eino_arrival_cavern_e
D:2:      zin_treasury, uniq_crazy_yiuf_cottage, uniq_sigmund, uniq_jessica

Skill      XL: |  1  2 |
---------------+-------+-----
Dodging        | 3 |  3.1
Fighting       | |  3.5
Long Blades    | |  2.9
Shields        | |  3.5

Action                   || total
-------------------------++-------
Melee: Long sword        ||    74
       Tailslap          ||    10
  Use: Potion            ||     4
 Stab: Sleeping          ||     1
Armor: Skin              ||    19
Dodge: Dodged            ||    39
Block: Shield            ||    44
       Rpst.: Long sword ||    19

Table legend:
 A = Non-vault XP
 B = Vault XP
 C = Vault XP percentage of total XP
 D = Non-vault monster count
 E = Vault monster count
 F = Vault count percentage of total count
                 A         B        C        D         E       F
            +---------+---------+-------+---------+---------+-------
      Total |      79 |       0 |   0.0 |      31 |       0 |   0.0
            +---------+---------+-------+---------+---------+-------
        D:1 |      36 |       0 |   0.0 |      15 |       0 |   0.0
        D:2 |      43 |       0 |   0.0 |      16 |       0 |   0.0
            +---------+---------+-------+---------+---------+-------
